 Dungeon Crawl Stone Soup version 0.27-a0-1147-gb3d8e82157 (webtiles) character file.

Game seed: 9746452114896281434

107 st0uf the Ruffian (level 4, 0/36 HPs)
             Began as a Draconian Transmuter on May 11, 2021.
             Slain by an orc priest
             ... wielding a +0 dagger
              (5 damage)
             ... on level 3 of the Dungeon.
             The game lasted 00:08:24 (2715 turns).

st0uf the Ruffian (Draconian Transmuter)            Turns: 2715, Time: 00:08:24

Health: 0/36       AC:  5    Str: 12    XL:     4   Next: 57%
Magic:  5/7        EV: 12    Int: 15    God:
Gold:   107        SH:  0    Dex: 11    Spells: 1/7 levels left

rFire    . . .     SeeInvis .     - Unarmed
rCold    . . .     Faith    .   (no shield)
rNeg     . . .     Spirit   .   (armour unavailable)
rPois    .         Reflect  .   (helmet currently unavailable)
rElec    .         Harm     .   (no cloak)
rCorr    .         Rampage  .   (no gloves)
Will     .....                  (boots currently unavailable)
Stlth    ++........             (no amulet)
HPRegen  0.12/turn              (no ring)
MPRegen  0.10/turn              (no ring)

@: appendages (expiring), wereblooded
A: horns 2, talons 2, AC +5, unfitting armour, cold-blooded
a: End Transformation


You were on level 3 of the Dungeon.
You had temporarily grown beastly horns and talons.
You visited 1 branch of the dungeon, and saw 3 of its levels.

You collected 107 gold pieces.

Inventory:

Missiles
 a - 94 stones
 b - 13 poisoned darts (quivered)
Magical Staves
 g - a staff of fire
Scrolls
 c - a scroll of identify {unknown}
 f - a scroll of fear {unknown}
Potions
 d - a potion of attraction {unknown}
 e - a potion of degeneration {unknown}


   Skills:
 + Level 2.1 Fighting
 + Level 2.4 Dodging
 + Level 1.3 Stealth
 + Level 3.5 Unarmed Combat
 + Level 2.4 Spellcasting
 + Level 2.5 Transmutations
 + Level 0.7 Poison Magic


You had one spell level left.
You knew the following spells:

 Your Spells              Type           Power      Damage    Failure   Level
a - Beastly Appendage     Tmut           18%        N/A       8%          1
b - Wereblood             Tmut           9%         N/A       12%         2
c - Spider Form           Tmut/Pois      3%         N/A       32%         3

Your spell library contained the following spells:

 Spells                   Type           Power      Damage    Failure   Level
 Ice Form                 Ice/Tmut       5%         N/A       77%         4
 Hydra Form               Tmut           4%         N/A       91%         5


Dungeon Overview and Level Annotations

Branches:
Dungeon (3/15)

Altars:


Innate Abilities, Weirdness & Mutations

You have temporarily grown beastly horns and talons.
Your plain brown scales are hard. (AC +5)
You cannot fit into any form of body armour.
You are cold-blooded and may be slowed by cold attacks.


Message History

The kobold misses you.
An orc comes into view. It is wielding a +0 hand axe.
An orc priest comes into view. It is wielding a +0 dagger.
You hit the kobold but do no damage. You claw the kobold.
You kill the kobold!
You closely miss the orc. You claw the orc.
The orc is severely wounded.
The orc hits you with a +0 hand axe.
The orc priest looks braver for a moment.
You completely miss the orc. You claw the orc.
You headbutt the orc, but do no damage.
You tail-slap the orc, but do no damage.
The orc is almost dead.
The orc closely misses you.
You barely miss the orc. You claw the orc.
You kill the orc!
The hobgoblin hits you but does no damage.
You barely miss the hobgoblin. Your kick misses the hobgoblin.
You headbutt the hobgoblin.
You kill the hobgoblin!
The orc priest mumbles some strange prayers to Beogh against you.
Beogh smites you! The orc hits you with a +0 hand axe.
You barely miss the orc.
Your tail-slap misses the orc.
The orc barely misses you.
You hit the orc. You claw the orc, but do no damage. You headbutt the orc.
You kill the orc!
You hit the orc priest but do no damage.
Your kick misses the orc priest. Your headbutt misses the orc priest.
The orc priest miscasts a cantrip.
You punch the orc priest! Your headbutt misses the orc priest.
The orc priest is heavily wounded.
You howl as the wereblood boils in your veins!
Your transformation is almost over.
The orc priest invokes the aid of Beogh against you.
Pain shoots through your body!
* * * LOW HITPOINT WARNING * * *
You hit the orc priest. Your headbutt misses the orc priest.
The orc priest is severely wounded.
The orc priest hits you with a +0 dagger.
You die...

>....##.# ##.###...#
.....##.####...#...#####
........................
......).................
.....###########...####
....## #...# ...## #...#
.### ####.### .# #..)@.#
.. #.).o†# ... #.....#
.#.. .......# ...##
##......# ##.# ##.....#
# #.....# #.....#


You could see an orc priest.

Vanquished Creatures
  Robin (D:3)
  An adder (D:2)
  A worm (D:2)
  2 dart slugs (D:1)
  2 orcs (D:3)
  12 ball pythons
  4 bats
  5 endoplasms
  A giant cockroach (D:2)
  16 goblins
  8 hobgoblins
  2 jackals (D:1)
  6 kobolds
  3 quokkas (D:1)
  2 frilled lizards
  3 rats
69 creatures vanquished.

Notes
Turn   | Place    | Note
-------+----------+-------------------------------------------
     0 | D:1      | st0uf the Draconian Transmuter began the quest for the Orb.
     0 | D:1      | Reached XP level 1. HP: 16/16 MP: 3/3
   107 | D:1      | Reached XP level 2. HP: 19/23 MP: 1/5
   797 | D:1      | Reached XP level 3. HP: 25/28 MP: 4/6
  1099 | D:1      | Reached skill level 1 in Stealth
  1791 | D:2      | Learned a level 2 spell: Wereblood
  1795 | D:2      | Learned a level 3 spell: Spider Form
  2030 | D:2      | Reached XP level 4. HP: 36/36 MP: 5/7
  2442 | D:3      | Noticed Robin
  2458 | D:3      | Killed Robin
  2715 | D:3      | Slain by an orc priest

Illustrated notes

Levels and vault maps discovered:
D:1:      sevenhm_arrival_forest_fort_small_3, layout_rooms, minivault_27
D:2:      layout_loops_cross
D:3:      layout_rooms, lemuel_blue_sif_altar, small_statue_intersection,
          kennysheep_small_spiral, uniq_robin

Skill      XL: |  1  2  3  4 |
---------------+-------------+-----
Dodging        | 2 |  2.4
Stealth        | 1 |  1.3
Fighting       | 2 |  2.1
Unarmed Combat | |  3.5
Spellcasting   | |  2.4
Transmutations | |  2.5
Poison Magic   | |  0.7

Action                   |  1- 3 |  4- 6 || total
-------------------------+-------+-------++-------
Melee: Unarmed           |   124 |    42 ||   166
       Tailslap          |     8 |     5 ||    13
       Kick              |    16 |    10 ||    26
       Headbutt          |    11 |     6 ||    17
       Punch             |     1 |       ||     1
Throw: Dart              |    15 |       ||    15
 Cast: Beastly Appendage |    35 |     7 ||    42
       Wereblood         |       |     3 ||     3
 Stab: Sleeping          |     2 |     2 ||     4
Armor: Skin              |    41 |     7 ||    48
Dodge: Dodged            |    59 |    17 ||    76

Table legend: (Time is in decaauts)
 A = Elapsed time spent in this place.
 B = Non-inter-level travel time spent in this place.
 C = Inter-level travel time spent in this place.
 D = Time resting spent in this place.
 E = Time spent auto-exploring this place.
 F = Levels seen in this place.
 G = Mean time per level.
                   A        B        C        D        E       F      G
               +--------+--------+--------+--------+--------+-----+--------+
         Total |   2703 |   2651 |     52 |    570 |   1486 |   3 |  901.0 |
       Dungeon |   2703 |   2651 |     52 |    570 |   1486 |   3 |  901.0 |
               +--------+--------+--------+--------+--------+-----+--------+

Top non-repeatable levels by time:
     D:1: 1207 daAuts
     D:2: 1190 daAuts
     D:3: 305 daAuts
